 Dungeon Crawl Stone Soup version 0.23.2-33-g5129a83184 (webtiles) character file.

Game seed: 4247962914663907956

164 MalarOregon the Digger (level 5, -1/41 HPs)
             Began as a Ghoul Earth Elementalist on June 27, 2019.
             Slain by an ogre
             ... wielding a +0 giant club
              (23 damage)
             ... on level 4 of the Dungeon.
             The game lasted 00:07:51 (4122 turns).

MalarOregon the Digger (Ghoul Earth Elementalist)   Turns: 4122, Time: 00:07:52

Health: -1/41      AC:  2    Str: 12    XL:     5   Next: 45%
Magic:  7/7        EV: 12    Int: 11    God:
Gold:   266        SH:  3    Dex:  9    Spells: 4/8 levels left

rFire    . . .     SeeInvis .   p - +2 dagger (venom)
rCold    + . .     Gourm    .   (no shield)
rNeg     + + +     Faith    .   c - +0 robe
rPois    ∞         Spirit   .   (no helmet)
rElec    .         Reflect  +   (no cloak)
rCorr    .         Harm     .   (no gloves)
MR       .....                  (no boots)
Stlth    ++........             n - +3 amulet of reflection
HPRegen  0.00/turn              (no ring)
MPRegen  0.10/turn              (no ring)

@: rotting
A: rotting body, claws 1, carnivore, cold resistance 1, negative energy
resistance 3, inhibited regeneration, torment resistance, unbreathing
a: no special abilities


You were on level 4 of the Dungeon.
You were not hungry.

You visited 1 branch of the dungeon, and saw 4 of its levels.

You collected 266 gold pieces.

Inventory:

Hand Weapons
 m - a +0 mace
   (You found it on level 2 of the Dungeon)
 p - a +2 dagger of venom (weapon)
   (You took it off a kobold on level 3 of the Dungeon)
Missiles
 b - 104 stones (quivered)
Armour
 c - a +0 robe (worn)
 w - a +0 helmet
   (You found it on level 3 of the Dungeon)
Jewellery
 n - a +3 amulet of reflection (around neck)
   (You found it on level 3 of the Dungeon)
Wands
 d - a wand of iceblast (12)
   (You took it off Ijyb on level 3 of the Dungeon)
Scrolls
 a - 5 scrolls of remove curse {unknown}
 f - a scroll of teleportation {unknown}
 g - a scroll of noise {unknown}
 i - a scroll of amnesia {unknown}
 j - a scroll of fear {unknown}
 l - a scroll of fog {unknown}
 o - 2 scrolls of magic mapping {unknown}
 s - a scroll of identify {unknown}
Potions
 h - 3 potions of curing {@q1}
 k - 2 potions of degeneration {unknown}
 q - a potion of heal wounds {unknown}
 t - a potion of agility {unknown}
 u - 2 potions of brilliance {unknown}
 v - a potion of might {unknown}
Comestibles
 e - 7 rations {!d}


   Skills:
 + Level 2.0 Fighting
 - Level 1.1 Maces & Flails
 + Level 2.5 Dodging
 - Level 2.1 Stealth
 + Level 2.4 Spellcasting
 * Level 1.2 Conjurations
   Level 0.8 Transmutations
 * Level 4.3 Earth Magic


You had 4 spell levels left.
You knew the following spells:

 Your Spells              Type           Power        Failure   Level  Hunger
a - Sandblast             Erth           ##....       4%          1    ##.....
x - Stone Arrow           Conj/Erth      #.....       26%         3    ####...

Your spell library contained the following spells:

 Spells                   Type           Power        Failure   Level  Hunger
 Passwall                 Tmut/Erth      #.......     14%         2    ###....
 Magic Dart               Conj           #...         17%         1    ##.....
 Blink                    Tloc           N/A          38%         2    ###....
 Call Imp                 Summ           #.......     38%         2    ###....
 Slow                     Hex            #.......     38%         2    ###....
 Conjure Flame            Conj/Fire      #.......     54%         3    ####...
 Mephitic Cloud           Conj/Pois/Air  #.......     56%         3    ####...
 Petrify                  Tmut/Erth      #.......     67%         4    #####..
 Lee's Rapid Deconstruct  Erth           ##........   78%         5    ######.


Dungeon Overview and Level Annotations

Branches:
Dungeon (4/15)
 Temple: D:4-7

Altars:
Ru

Annotations:
D:4 exclusions: orc and orc priest


Innate Abilities, Weirdness & Mutations

Your body is rotting away.
You thrive on raw meat.
You are immune to poison.
You have sharp fingernails.
You are carnivorous and can eat meat at any time.
Your flesh is cold resistant. (rC+)
You are immune to negative energy. (rN+++)
You do not regenerate when monsters are visible.
You are immune to unholy pain and torment.
You can survive without breathing.


Message History

Aim: an adder The blast of sand hits the adder.
b - 91 stones The orc shouts! x2
An orc comes into view. It is wielding a -1 hand axe.
You block the adder's attack.
You climb upwards.
There is a stone staircase leading down here.
You completely miss the adder. The adder bites you but does no damage.
You closely miss the adder. The adder barely misses you.
The adder closely misses you.
You hit the adder.
The adder is poisoned.
The adder completely misses you.
You miss the adder. The adder bites you but does no damage.
You miss the adder. The adder bites you. x2
You hit the adder.
You kill the adder!
Your Fighting skill increases to level 2!
Done exploring.
Some of the chunks of flesh in your inventory have rotted away.
There is a stone staircase leading down here.
You climb downwards.
There is a stone staircase leading up here.
Found 13 stones.
Found a scroll labeled FAYD PEDGHI.
All of the chunks of flesh in your inventory have rotted away.
b - 104 stones (gained 13)
a - 5 scrolls labeled FAYD PEDGHI (gained 1)
An orc and an orc priest come into view.
Found 18 gold pieces.
You now have 266 gold pieces (gained 18).
Key pressed, stopping explore.
Key pressed, stopping explore.
A quokka skeleton comes into view.
A quokka skeleton is nearby!
A quokka skeleton is nearby!
An ogre comes into view. It is wielding a +0 giant club.
The ogre shouts!
The quokka skeleton closely misses you.
An orc comes into view. It is wielding a +0 mace.
You barely miss the quokka skeleton. The quokka skeleton misses you.
The orc shouts!
You hit the quokka skeleton. The quokka skeleton bites you.
You hit the quokka skeleton. You block the quokka skeleton's attack.
You hit the quokka skeleton.
You destroy the quokka skeleton!
You hit the ogre. The ogre hits you with a +0 giant club!
You hit the ogre.
The ogre is poisoned.
The ogre hits you with a +0 giant club!!
Ouch! That really hurt!
You die...

#.##### #.....#
#####.#### oo
#....# ##. ###
####.# .. .... #.#
#.# ..... #.# ..
......#####
#.####.#
......oO@.#
#..##..#
#####.###.####^.#.#
#......#......#
#####.....##..##
#........####.#
....#####.....#.###
## #.#.......#
#.###.##........
#.# #..#.######.


You could see an ogre and an orc.

Vanquished Creatures
  Ijyb (D:3)
  7 adders
  2 worms (D:2)
  2 dart slugs
  2 leopard geckos
  2 orcs (D:3)
  2 ball pythons (D:1)
  11 bats
  A giant cockroach (D:1)
  8 goblins
  5 hobgoblins
  A quokka (D:2)
  5 frilled lizards
  14 kobolds
  A quokka skeleton (D:4)
  5 rats
69 creatures vanquished.

Notes
Turn   | Place    | Note
-------+----------+-------------------------------------------
     0 | D:1      | MalarOregon the Ghoul Earth Elementalist began the quest
                  | for the Orb.
     0 | D:1      | Reached XP level 1. HP: 14/14 MP: 2/2
   130 | D:1      | Reached XP level 2. HP: 16/22 MP: 3/3
   367 | D:1      | Reached skill level 1 in Fighting
   724 | D:1      | Reached XP level 3. HP: 14/28 MP: 5/5
  1098 | D:1      | Learned a level 3 spell: Stone Arrow
  1536 | D:2      | Found a sacrificial altar of Ru.
  2402 | D:2      | Reached XP level 4. HP: 31/35 MP: 6/6
  2861 | D:3      | Reached skill level 4 in Earth Magic
  2949 | D:3      | Noticed Ijyb
  3000 | D:3      | Killed Ijyb
  3026 | D:3      | Reached skill level 1 in Maces & Flails
  3345 | D:2      | Reached skill level 1 in Conjurations
  3345 | D:2      | Reached XP level 5. HP: 35/40 MP: 3/7
  4114 | D:4      | Noticed an ogre
  4122 | D:4      | Slain by an ogre

Skill      XL: |  1  2  3  4  5 |
---------------+----------------+-----
Dodging        | 2 |  2.5
Spellcasting   | 2 |  2.4
Fighting       | 1 2 |  2.0
Earth Magic    | 4 |  4.3
Maces & Flails | 1 |  1.1
Conjurations   | 1 |  1.2
Stealth        | |  2.1
Transmutations | |  0.8

Action                   |  1- 3 |  4- 6 || total
-------------------------+-------+-------++-------
Melee: Unarmed           |    22 |       ||    22
       Dagger            |   122 |    49 ||   171
       Mace              |    27 |    47 ||    74
 Cast: Sandblast         |    16 |    30 ||    46
 Stab: Sleeping          |     6 |     2 ||     8
  Eat: Chunk             |     7 |    12 ||    19
Armor: Robe              |    35 |    15 ||    50
Dodge: Dodged            |   127 |    92 ||   219
Block: Other             |       |     5 ||     5
